AoeStats
← Tiny7192

Arena

509609057Analyzed
3v3 RM · 5d ago on Sep 27, 2026· 39m 21s· 6 players
Game mode
Random Map
Map size
Normal (6 player)
Population
200
Speed
Normal
Resources
Standard
Victory
Conquest
Starting age
Dark Age
Ending age
Imperial Age
RankedLock teamsTeams togetherTeam positionsShared explorationLock speedFull tech treeHidden civsTurbo modeCheats
Victory
Defeat
🇵🇱 Britons · Poland
753
+19
🇩🇪 Vikings · Germany
735
+20
721
+21
🇩🇪 Franks · Germany
840
-21
🇩🇪 Bohemians · Germany
822
-54
🇨🇳 Cumans · China
811
-19
RafixD984595
10:33 Feudal Age
19:21 Castle Age
17:55 Double-Bit Axe
20:41 Pikeman
21:21 Squires
21:43 Forging
21:33 Scale Mail Armor
23:24 Wheelbarrow
23:17 Scale Mail Armor
24:41 Fletching
25:26 Iron Casting
25:58 Murder Holes
26:28 Padded Archer Armor
28:46 Ballistics
29:10 Bow Saw
29:13 Bodkin Arrow
29:41 Gold Mining
33:54 Fervor
37:05 Yeomen
36:54 Arson
37:26 Leather Archer Armor
37:27 Chain Mail Armor
37:30 Hand Cart
41:27 Imperial Age
TotalDish7778
10:45 Feudal Age
11:12 Double-Bit Axe
17:28 Castle Age
16:19 Stone Mining
18:55 Bow Saw
23:25 Gold Mining
23:17 Man-at-Arms
24:11 Long Swordsman
25:06 Fervor
25:11 Squires
27:44 Horse Collar
28:27 Heavy Plow
32:18 Imperial Age
30:34 Forging
30:24 Scale Mail Armor
31:31 Gold Shaft Mining
31:25 Chieftains
32:20 Capped Ram
33:03 Elite Berserk
34:28 Conscription
34:37 Conscription
33:39 Two-Handed Swordsman
34:29 Champion
36:33 Iron Casting
36:14 Chain Mail Armor
36:27 Siege Ram
38:08 Elite Varangian Guard
[LP]-ЧВК"РЕДУТ"[LP]
10:33 Feudal Age
11:01 Double-Bit Axe
14:55 Horse Collar
17:45 Castle Age
19:13 Bow Saw
19:27 Heavy Plow
20:17 Stone Mining
20:54 Gold Mining
22:01 Wheelbarrow
24:15 Hand Cart
31:02 Imperial Age
29:27 Bloodlines
29:35 Husbandry
29:49 Forging
29:40 Scale Mail Armor
29:49 Scale Barding Armor
30:51 Light Cavalry
34:20 Chemistry
37:05 Iron Casting
36:53 Chain Barding Armor
38:26 Hussar
40:12 Blast Furnace
39:13 Scale Mail Armor
39:49 Plate Barding Armor
Bananenmatsch
0:33 Loom
11:23 Feudal Age
12:41 Wheelbarrow
14:19 Double-Bit Axe
22:09 Castle Age
23:02 Bow Saw
23:14 Hand Cart
24:28 Husbandry
25:16 Scale Barding Armor
26:26 Stone Mining
26:26 Gold Mining
31:24 Gold Shaft Mining
31:16 Caravan
32:08 Chain Barding Armor
36:29 Imperial Age
35:09 Light Cavalry
37:06 Ballistics
36:34 Cavalier
39:52 Chemistry
cedpnk
11:46 Feudal Age
12:24 Double-Bit Axe
12:26 Horse Collar
21:21 Castle Age
19:56 Forging
19:46 Scale Mail Armor
21:56 Arson
22:16 Pikeman
22:59 Squires
23:03 Scale Mail Armor
24:27 Man-at-Arms
25:32 Chain Mail Armor
25:52 Iron Casting
30:05 Man-at-Arms
33:50 Wheelbarrow
41:23 Imperial Age
39:58 Ballistics
40:39 Chemistry
Tiny7192
11:42 Feudal Age
20:21 Castle Age
18:30 Double-Bit Axe
18:27 Horse Collar
23:20 Bow Saw
23:05 Gold Mining
23:21 Heavy Plow
27:09 Wheelbarrow
29:26 Imperial Age
27:50 Gold Shaft Mining
28:31 Bloodlines
28:47 Stone Mining
28:51 Town Watch
30:28 Hand Cart
30:55 Elite Steppe Lancer
34:06 Scale Barding Armor
34:14 Forging
Connection lost

Rejoining the realm…

Still unreachable

The connection could not be restored.

Session expired

The server has moved on; the page needs a fresh start.